 Dungeon Crawl Stone Soup version 0.23.2-1-ga50397a (webtiles) character file.

Game seed: 8999018345421909767

29 xveg the Grave Robber (level 3, -1/24 HPs)
             Began as a Mummy Necromancer on May 8, 2019.
             Slain by Natasha (4 damage)
             ... on level 2 of the Dungeon.
             The game lasted 00:06:58 (1046 turns).

xveg the Grave Robber (Mummy Necromancer)           Turns: 1046, Time: 00:06:58

Health: -1/24      AC:  2    Str: 11    XL:     3   Next: 1%
Magic:  2/7        EV:  7    Int: 15    God:
Gold:   82         SH: 12    Dex: 12    Spells: 6/8 levels left

rFire    x . .     SeeInvis .   b - +0 dagger
rCold    + . .     Gourm    .   d - +2 large shield
rNeg     + + +     Faith    .   a - +0 robe
rPois    ∞         Spirit   .   (no helmet)
rElec    .         Reflect  .   (no cloak)
rCorr    +         Harm     .   (no gloves)
MR       .....                  (no boots)
Stlth    ++........             (no amulet)
HPRegen  0.08/turn              f - ring of resist corrosion
MPRegen  0.10/turn              (no ring)

@: very slightly contaminated, slowed, very slow
A: no food or potions, fire vulnerability, cold resistance 1, negative energy
resistance 3, torment resistance, unbreathing
a: no special abilities


You were on level 2 of the Dungeon.
You were not hungry.

You visited 1 branch of the dungeon, and saw 2 of its levels.

You collected 82 gold pieces.

Inventory:

Hand Weapons
 b - a +0 dagger (weapon)
 j - a +2 short sword of speed
Armour
 a - a +0 robe (worn)
 d - a +2 large shield (worn)
Jewellery
 f - a ring of resist corrosion (left hand)
 k - a cursed ring of teleportation {unknown}
Scrolls
 c - 2 scrolls of enchant armour {unknown}
 e - 3 scrolls of identify {unknown}
 g - a scroll of immolation {unknown}
 h - a scroll of teleportation {unknown}
 i - a scroll of fog {unknown}


   Skills:
 - Level 1.5 Dodging
 - Level 1.5 Stealth
 + Level 0.9 Shields
 * Level 3.0 Spellcasting
 * Level 4.6 Necromancy


You had 6 spell levels left.
You knew the following spells:

 Your Spells              Type           Power        Failure   Level  Hunger
a - Pain                  Necr           ###.         56%         1    N/A
b - Animate Skeleton      Necr           N/A          56%         1    N/A

Your spell library contained the following spells:

 Spells                   Type           Power        Failure   Level  Hunger
 Vampiric Draining        Necr           ###.......   90%         3    N/A
 Animate Dead             Necr           N/A          100%        4    N/A
 Regeneration             Chrm/Necr      Unusable     N/A         3    N/A

Dungeon Overview and Level Annotations

Branches:
Dungeon (2/15)

Altars:

Annotations:
D:2 Natasha


Innate Abilities, Weirdness & Mutations

You do not eat or drink.
Your flesh is vulnerable to fire.
You are immune to poison.
Your flesh is cold resistant. (rC+)
You are immune to negative energy. (rN+++)
You are immune to unholy pain and torment.
You can survive without breathing.


Message History

The crimson imp blinks!
Natasha mumbles some strange words.
Natasha wildly gestures.
Natasha glows brightly for a moment.
You block the crimson imp's attack. You block the crimson imp's attack.
The crimson imp hits you.
* * * LOW HITPOINT WARNING * * *
The crimson imp blinks!
The crimson imp disappears in a puff of smoke!
The crimson imp blinks!
Natasha mumbles some strange words.
The jackal bites you.
* * * LOW HITPOINT WARNING * * *
Casting: Pain (safe; 56% risk of failure)
Confirm with . or Enter, or press ? or * to list all spells.
Aiming: Pain (safe; 56% risk of failure)
Press: ? - help, Shift-Dir - straight line, f - jackal
Aim: a jackal (chance to defeat MR: 87%)
You miscast Pain.
You feel very uncomfortable. Natasha claws you.
You die...

#..#.##.##.####.#
##.#.##.##....§.#
.##....##.######..#
..........# #..#
###....#### #.5#
####..#...# #..#
.....#.##[# #.h#
####.#.##.#######h#
#.#..........@h# ##
#.####.######.## .#
#.# #.# #.# .###.#
#.# #.# ..!.<# #.#
#.# .##### #.# #.#
.# #.# #.# ## #.
#.# #.#


You could see Natasha, a white imp and 2 jackals.

Vanquished Creatures
  An ooze (D:1)
  2 bats
  2 giant cockroaches (D:1)
  3 goblins (D:1)
  6 hobgoblins (D:1)
  A jackal (D:2)
  4 kobolds (D:1)
  A ball python (D:2)
  2 frilled lizards
22 creatures vanquished.

Notes
Turn   | Place    | Note
-------+----------+-------------------------------------------
     0 | D:1      | xveg the Mummy Necromancer began the quest for the Orb.
     0 | D:1      | Reached XP level 1. HP: 13/13 MP: 4/4
    26 | D:1      | Learned a level 1 spell: Animate Skeleton
   246 | D:1      | Reached XP level 2. HP: 14/19 MP: 0/5
  1023 | D:2      | Noticed Natasha
  1029 | D:2      | Noticed a crimson imp
  1029 | D:2      | Reached XP level 3. HP: 24/24 MP: 3/7
  1046 | D:2      | Slain by Natasha

Skill      XL: |  1  2 |
---------------+-------+-----
Spellcasting   | 3 |  3.0
Dodging        | |  1.5
Stealth        | |  1.5
Shields        | |  0.9
Necromancy     | |  4.6

Action                   || total
-------------------------++-------
Melee: Dagger            ||    77
       Unarmed           ||     1
 Cast: Pain              ||    25
       Animate Skeleton  ||     5
 Stab: Sleeping          ||     1
Armor: Robe              ||    14
Dodge: Dodged            ||    36
Block: Large shield      ||    58
